 Dungeon Crawl Stone Soup version 0.31-a0-1059-g83d41fd8b6 (webtiles) character file.

Game seed: 11086362236642548580

140 Maratek the Shield-Bearer (level 5, -2/53 HPs)
             Began as a Troll Fighter on Nov 21, 2023.
             Killed by divine providence
             ... invoked by an orc priest
              (10 damage)
             ... on level 3 of the Dungeon.
             The game lasted 00:02:14 (1827 turns).

Maratek the Shield-Bearer (Troll Fighter)           Turns: 1827, Time: 00:02:15

Health: -2/53      AC:  4    Str: 26    XL:     5   Next: 2%
Magic:  4/4        EV:  9    Int:  4    God:
Gold:   128        SH:  8    Dex:  9    Spells: 4/4 levels left

rFire   . .          .
                       - Unarmed
rCold   . . .        b - +0 kite shield
rNeg    . . .        a - +0 robe
rPois   .            (helmet restricted)
rElec   .            (no cloak)
rCorr   .            (gloves unavailable)
SInv    .            (boots unavailable)
Will    .....        (no amulet)
Stlth   +            (no ring)
HPRegen 1.08/turn    (no ring)
MPRegen 0.09/turn

%: no passive effects
@: no status effects
A: large, unfitting armour, claws 3, regeneration 1, shaggy fur 1, tough skin 1
a: no special abilities


You were on level 3 of the Dungeon.
You visited 1 branch of the dungeon, and saw 3 of its levels.

You collected 128 gold pieces.

Inventory:

Armour
 a - a +0 robe (worn)
 b - a +0 kite shield (worn)
Jewellery
 l - a ring of willpower
Wands
 j - a wand of mindburst (9)
Scrolls
 f - 2 scrolls of blinking
 h - a scroll of poison {unknown}
Potions
 c - a potion of might
 d - a potion of brilliance
 e - a potion of enlightenment {unknown}
 g - 3 potions of heal wounds {unknown}
 i - 2 potions of attraction {unknown}
 k - 3 potions of curing {unknown}


   Skills:
 + Level 3.1 Fighting
 + Level 3.1 Dodging
 + Level 3.5 Shields
 + Level 3.1 Unarmed Combat


You had 4 spell levels left.
You didn't know any spells.
Your spell library contained the following spells:

 Spells                   Type           Power      Damage    Failure   Level
 Frozen Ramparts          Ice            0%         1d1       98%         3
 Petrify                  Tmut/Erth      0%         N/A       100%        4
 Vhi's Electric Charge    Tloc/Air       0%         N/A       100%        4
 Arcjolt                  Conj/Air       0%         1d10      100%        5
 Metabolic Englaciation   Hex/Ice        0%         N/A       100%        5
 Maxwell's Capacitive Co  Air            0%         ∞         100%        8


Dungeon Overview and Level Annotations

Branches:
Dungeon (3/15)

Altars:

Shops:
D:2 [


Innate Abilities, Weirdness & Mutations

You are too large for most types of armour.
You have claws for hands.
Your natural rate of healing is unusually fast.
You are covered in fur. (AC +1)
You have tough skin. (AC +1)


Message History

Deactivating autopickup; reactivate with Ctrl-A.
You block the orc's attack.
The orc priest attacks as it pursues you!
You block the orc priest's attack.
You hear some strange, mumbled words.
A puff of flame appears from out of thin air!
The puff of flame hits you!
You closely miss the orc. You block the orc's attack.
The orc priest begins to cast a cantrip, but forgets the words!
You claw the orc!
You kill the orc!
You have reached level 5!
You scratch the kobold but do no damage.
The kobold hits you but does no damage.
You are poisoned.
You claw the kobold!
You kill the kobold!
You feel sick.
You scratch the frilled lizard.
The frilled lizard is heavily wounded.
You feel sick.
The frilled lizard bites you but does no damage.
The orc priest mumbles some strange prayers to Beogh against you.
Beogh smites you!
* * * LOW HITPOINT WARNING * * *
You scratch the frilled lizard.
You kill the frilled lizard!
You feel sick.
You barely miss the orc priest.
You feel sick.
The orc priest miscasts a cantrip.
You closely miss the orc priest.
You feel sick.
You are no longer poisoned.
The orc priest hits you with a +0 short sword.
* * * LOW HITPOINT WARNING * * *
You scratch the orc priest but do no damage.
The orc priest completely misses you.
You scratch the orc priest but do no damage.
The orc priest mumbles some strange prayers to Beogh against you.
Beogh smites you!
You die...

... ... ...
#.# ## ###
#.##.##
#..!##.#...###
#...........
####o#...###
#@# .##
###.#####
#..>....#
#....)..#
#.......#
#.......######
#............#
##.#
#.....).####.#
...#
##.......#...


You could see an orc priest.

Vanquished Creatures
  7 gnolls (D:2)
  An adder (D:3)
  A dart slug (D:2)
  An orc (D:3)
  6 ball pythons
  9 bats
  2 endoplasms
  2 giant cockroaches (D:1)
  8 goblins
  3 hobgoblins
  2 jackals (D:1)
  5 kobolds
  4 quokkas
  4 frilled lizards
  5 rats
60 creatures vanquished.

Notes
Turn   | Place    | Note
-------+----------+-------------------------------------------
     0 | D:1      | Maratek the Troll Fighter began the quest for the Orb.
     0 | D:1      | Reached XP level 1. HP: 22/22 MP: 0/0
   195 | D:1      | Reached XP level 2. HP: 29/29 MP: 1/1
   894 | D:2      | Reached XP level 3. HP: 31/36 MP: 2/2
   940 | D:2      | Reached XP level 4. HP: 42/44 MP: 3/3
  1279 | D:2      | Found Ixoasmu's Antique Armour Emporium.
  1820 | D:3      | Reached XP level 5. HP: 24/53 MP: 4/4
  1827 | D:3      | Killed from afar by an orc priest

Illustrated notes

Levels and vault maps discovered:
D:1:      wander_arrival_peaceful_grave, layout_loops_corners
D:2:      layout_basic, serial_shops, nicolae_shop_window_shopping
D:3:      layout_loops_corners, nicolae_overflow_hallway_of_the_gods,
          serial_shops, shop, chequers_ecumenical_altar_twisty,
          chequers_serial_rivers_large_a, cheibrodos_gnoll_hut

Skill      XL: |  1  2  3  4 |
---------------+-------------+-----
Shields        | 3 |  3.5
Dodging        | 3 |  3.1
Fighting       | 3 |  3.1
Unarmed Combat | 3 |  3.1

Action                     |  1- 3 |  4- 6 || total
---------------------------+-------+-------++-------
  Melee: Unarmed           |    98 |    80 ||   178
    Use: Scroll            |     1 |     1 ||     2
   Stab: Sleeping          |     1 |     1 ||     2
         Distracted        |     1 |       ||     1
 Armour: Robe              |    55 |    51 ||   106
  Dodge: Dodged            |    38 |    27 ||    65
  Block: Kite shield       |    52 |    31 ||    83

Table legend: (Time is in decaauts)
 A = Elapsed time spent in this place.
 B = Non-inter-level travel time spent in this place.
 C = Inter-level travel time spent in this place.
 D = Time resting spent in this place.
 E = Time spent auto-exploring this place.
 F = Levels seen in this place.
 G = Mean time per level.
                   A        B        C        D        E       F      G
               +--------+--------+--------+--------+--------+-----+--------+
         Total |   1838 |   1794 |     44 |      0 |   1393 |   3 |  612.7 |
       Dungeon |   1838 |   1794 |     44 |      0 |   1393 |   3 |  612.7 |
               +--------+--------+--------+--------+--------+-----+--------+

Top non-repeatable levels by time:
     D:1: 844 daAuts
     D:2: 695 daAuts
     D:3: 298 daAuts
